 Dungeon Crawl Stone Soup version 0.31-a0-1511-g961fd35ebc (webtiles) character file.

Game seed: 5279837106504647306

1834 MacCMillion the Cleaver (level 8, -3/70 HPs)
             Began as a Minotaur Fighter on Dec 30, 2023.
             Was an Initiate of Qazlal.
             Slain by a troll (5 damage)
             ... on level 6 of the Dungeon.
             The game lasted 00:06:58 (5294 turns).

MacCMillion the Cleaver (Minotaur Fighter)          Turns: 5294, Time: 00:06:59

Health: -3/70      AC: 15    Str: 23    XL:     8   Next: 87%
Magic:  9/9        EV:  6    Int:  5    God:    Qazlal [......]
Gold:   384        SH:  4    Dex: 10    Spells: 7/7 levels left

rFire   . . .        a - +0 war axe
rCold   . . .        c - +0 buckler
rNeg    . . .        m - +0 plate armour
rPois   .            (helmet restricted)
rElec   .            w - +1 cloak
rCorr   .            (no gloves)
SInv    .            (no boots)
Will    .....        (no amulet) Stlth
                     (no ring)
HPRegen 0.31/turn    (no ring)
MPRegen 0.11/turn

%: no passive effects
@: no status effects
A: horns 2, retaliatory headbutt
a: Renounce Religion


You were on level 6 of the Dungeon.
You worshipped Qazlal.
Qazlal was noncommittal.
You visited 2 branches of the dungeon, and saw 7 of its levels.

You collected 384 gold pieces.

Inventory:

Hand Weapons
 a - a +0 war axe (weapon)
Missiles
 j - 6 poisoned darts
 q - a boomerang (quivered)
Armour
 c - a +0 buckler (worn)
 m - a +0 plate armour (worn)
 w - a +1 cloak (worn)
Wands
 n - a wand of mindburst (20)
 t - a wand of flame (17)
Scrolls
 b - a scroll of blinking {unknown}
 e - 3 scrolls of identify {unknown}
 f - a scroll of enchant weapon {unknown}
 h - a scroll of revelation {unknown}
 i - a scroll of amnesia {unknown}
 l - 2 scrolls of poison {unknown}
 o - 2 scrolls of enchant armour {unknown}
 r - a scroll of teleportation {unknown}
 v - a scroll of silence {unknown}
Potions
 d - 2 potions of might
 g - 2 potions of curing {unknown}
 p - a potion of mutation {unknown}
 s - 2 potions of heal wounds {unknown}
 u - a potion of invisibility {unknown}


   Skills:
 + Level 6.0 Fighting
 + Level 11.0 Axes
 + Level 6.0 Armour
 - Level 4.0 Shields
 + Level 3.7 Invocations


You had 7 spell levels left.
You didn't know any spells.
Your spell library contained the following spells:

 Spells                   Type           Power      Damage    Failure   Level
 Inner Flame              Hex/Fire       0%         N/A       100%        3
 Flame Wave               Conj/Fire      0%         2d4       100%        4
 Sticky Flame             Fire/Alch      0%         2d4       100%        4


Dungeon Overview and Level Annotations

Branches:
Dungeon (6/15)             Temple (1/1) D:4

Altars:
Ashenzari
Dithmenos
Elyvilon
Fedhas
Gozag
Hepliaklqana
Kikubaaqudgha
Makhleb
Nemelex Xobeh
Okawaru
Qazlal
Ru
Trog
Uskayaw
Xom
Yredelemnul
The Shining One

Shops:
D:4 =

Annotations:
D:2 Sigmund
D:3 3 runed translucent doors, sanka's ghost, amateur OnMo
D:5 1 runed translucent door, Crazy Yiuf


Innate Abilities, Weirdness & Mutations

You have a pair of horns on your head.
You reflexively headbutt those who attack you in melee.


Message History

You feel yourself speed up. The troll bites you but does no damage.
The troll claws you. The troll claws you but does no damage.
You block the troll's attack. The troll claws you. x2
You slice the troll!!
The troll is heavily wounded.
The troll barely misses you. The troll claws you.
The troll claws you but does no damage.
You closely miss the troll.
The troll is heavily wounded.
The troll bites you but does no damage. The troll claws you!
The troll claws you but does no damage.
You are too injured to fight recklessly!
You are too injured to fight recklessly!
You hit the troll.
The troll is heavily wounded.
The troll bites you but does no damage. The troll claws you.
The troll claws you but does no damage.
You barely miss the troll.
The troll is heavily wounded.
The troll completely misses you. The troll claws you. x2
You hit the troll.
The troll is heavily wounded.
The troll barely misses you. You furiously retaliate!
You headbutt the troll! The troll closely misses you.
The troll claws you but does no damage.
You hit the troll.
The troll is almost dead.
The troll bites you!
* * * LOW HITPOINT WARNING * * *
You block the troll's attack. The troll claws you!
* * * LOW HITPOINT WARNING * * *
You barely miss the troll.
The troll is almost dead.
The troll closely misses you.
The troll claws you but does no damage. x2
You closely miss the troll.
The troll is almost dead.
The troll bites you.
* * * LOW HITPOINT WARNING * * *
The troll claws you.
You die...

# .. ....... #. .....
### ....> ... ... #####
..# ... ....# #.# #.#
....# #.# #T# ....#
#.#.###@#####.# ....#
#.#......$....#
....######.#####.#######
P....[.[...#####.#
P................#
...############### .###
##


You could see a troll.

Vanquished Creatures
  Grinder (D:3)
  A wraith (D:6)
  Eustachio (D:5)
  3 sky beasts
  An ice beast (D:5)
  2 ogres (D:5)
  A phantom (D:5)
  Blork the orc (D:5)
  2 scorpions
  A bombardier beetle (D:3)
  A jelly (D:4)
  A hound (D:4)
  A gnoll bouda (D:6)
  3 orc wizards
  2 sleepcaps
  An iguana (D:4)
  10 gnolls
  9 adders
  A shadow imp (D:5)
  4 dart slugs
  3 ribbon worms
  12 orcs
  9 ball pythons
  4 bats
  5 endoplasms
  4 giant cockroaches
  7 kobolds
  3 quokkas
  4 frilled lizards
  4 goblins (D:1)
  6 rats
108 creatures vanquished.

Notes
Turn   | Place    | Note
-------+----------+-------------------------------------------
     0 | D:1      | MacCMillion the Minotaur Fighter began the quest for the
                  | Orb.
     0 | D:1      | Reached XP level 1. HP: 19/19 MP: 0/0
   169 | D:1      | Reached XP level 2. HP: 27/27 MP: 1/1
   178 | D:1      | Reached skill level 3 in Axes
   816 | D:1      | Reached XP level 3. HP: 32/33 MP: 2/2
  1074 | D:2      | Reached skill level 4 in Axes
  1282 | D:2      | Reached skill level 5 in Axes
  1282 | D:2      | Reached XP level 4. HP: 40/40 MP: 3/3
  1330 | D:2      | Noticed Sigmund
  1361 | D:3      | Noticed a scorpion
  1372 | D:3      | Killed a scorpion
  1373 | D:3      | Reached skill level 6 in Axes
  1375 | D:3      | Reached XP level 5. HP: 45/46 MP: 4/4
  1523 | D:3      | Found a runed translucent gate.
  1523 | D:3      | Found a runed translucent gate.
  1523 | D:3      | Found a runed translucent gate.
  1614 | D:3      | Noticed sanka's ghost (amateur OnMo)
  1648 | D:3      | Found a burning altar of Makhleb.
  1655 | D:3      | Found an iron altar of Okawaru.
  1658 | D:3      | Found a hazy altar of Hepliaklqana.
  1658 | D:3      | Found an opulent altar of Gozag.
  1665 | D:3      | Found a basalt altar of Yredelemnul.
  1674 | D:3      | Identified the +0 leather armour of Fageuvo {rElec Will-
                  | Regen+ Int+8}
  1685 | D:3      | Noticed Grinder
  1704 | D:3      | Reached skill level 7 in Axes
  1717 | D:3      | Killed Grinder
  1718 | D:3      | Reached skill level 8 in Axes
  1718 | D:3      | Reached XP level 6. HP: 19/52 MP: 5/5
  2239 | D:3      | Found a broken altar of Ashenzari.
  2516 | D:4      | Found Ajots's Jewellery Shop.
  2716 | D:4      | Found a staircase to the Ecumenical Temple.
  2734 | Temple   | Entered the Ecumenical Temple
  2754 | Temple   | Became a worshipper of Qazlal Stormbringer
  2783 | D:4      | Reached skill level 9 in Axes
  2783 | D:4      | Reached XP level 7. HP: 52/58 MP: 6/6
  3490 | D:5      | Entered Level 5 of the Dungeon
  3592 | D:5      | Reached skill level 10 in Axes
  3702 | D:5      | Reached skill level 1 in Invocations
  3824 | D:5      | Reached XP level 8. HP: 67/67 MP: 8/8
  3970 | D:5      | Noticed Eustachio
  3991 | D:5      | Killed Eustachio
  3992 | D:5      | Reached skill level 5 in Fighting
  3992 | D:5      | Reached skill level 5 in Armour
  4236 | D:5      | Found a hide-covered altar of Uskayaw.
  4477 | D:5      | Noticed Blork the orc
  4482 | D:5      | Killed Blork the orc
  4581 | D:5      | Found a runed translucent door.
  4582 | D:5      | Noticed Crazy Yiuf
  5280 | D:6      | Noticed a troll
  5284 | D:6      | Reached skill level 11 in Axes
  5294 | D:6      | HP: 2/70 [troll (3)]
  5294 | D:6      | Slain by a troll

Illustrated notes

Levels and vault maps discovered:
D:1:      mainiacjoe_arrival_oval_in_oval, layout_loops_corners, serial_forest,
          infiniplex_forest_corner_1, infiniplex_forest_lined_room_2,
          infiniplex_forest_straight_3, infiniplex_forest_straight_5,
          infiniplex_forest_clump_diagonal, infiniplex_forest_join, st_stairs_7,
          minmay_tromino_v2
D:2:      layout_basic, uniq_sigmund, uniq_natasha
D:3:      layout_loops_ring, nicolae_overflow_hallway_of_the_gods,
          mainiacjoe_overflow_alcove_2, gammafunk_ghost_icy,
          minmay_fractal_squares_5, uniq_grinder
D:4:      layout_loops_corners, minmay_temple_entry_mini_moons, serial_shops,
          nicolae_shop_tiny_glass
D:5:      layout_basic, mainiacjoe_overflow_alcove_1, kennysheep_another_room,
          uniq_eustachio, uniq_blork_the_orc, uniq_crazy_yiuf_cottage
D:6:      layout_loops_ring, zin_angel, nicolae_grassy_gnolls, uniq_edmund,
          uniq_menkaure
Temple:   nicolae_temple_ecumenical_triangle

Skill      XL: |  1  2  3  4  5  6  7  8 |
---------------+-------------------------+-----
Shields        | 4 |  4.0
Axes           | 3 5 6 8 9 10 11 | 11.0
Fighting       | 4 6 |  6.0
Armour         | 4 6 |  6.0
Invocations    | 1 3 |  3.7

Action                     |  1- 3 |  4- 6 |  7- 9 || total
---------------------------+-------+-------+-------++-------
  Melee: War axe           |    79 |    86 |   156 ||   321
         Headbutt          |    12 |    14 |    24 ||    50
  Throw: Boomerang         |       |       |     2 ||     2
 Armour: Scale mail        |    49 |       |       ||    49
         Plate armour      |       |    84 |   142 ||   226
  Dodge: Dodged            |    32 |    24 |    39 ||    95
  Block: Buckler           |    20 |    20 |    12 ||    52

Table legend: (Time is in decaauts)
 A = Elapsed time spent in this place.
 B = Non-inter-level travel time spent in this place.
 C = Inter-level travel time spent in this place.
 D = Time resting spent in this place.
 E = Time spent auto-exploring this place.
 F = Levels seen in this place.
 G = Mean time per level.
                   A        B        C        D        E       F      G
               +--------+--------+--------+--------+--------+-----+--------+
         Total |   5348 |   5086 |    262 |    512 |   3728 |   7 |  764.0 |
       Dungeon |   5321 |   5065 |    256 |    512 |   3728 |   6 |  886.8 |
        Temple |     27 |     21 |      6 |      0 |      0 |   1 |   27.0 |
               +--------+--------+--------+--------+--------+-----+--------+

Top non-repeatable levels by time:
     D:5: 1260 daAuts
     D:4: 1185 daAuts
     D:3: 1138 daAuts
     D:1: 1013 daAuts
     D:2: 374 daAuts
     D:6: 347 daAuts
  Temple: 27 daAuts
